Map: Whirlwind LE (Void)

Players

Wardí - Winner!

  • Race: Terran Terran
  • League: Master
  • Spawn Location: 1:00

Bly - Winner!

  • Race: Terran Terran
  • League: Grandmaster
  • Spawn Location: 7:00

Narde

  • Race: Terran Terran

PtitDrogo

  • Race: Terran Terran
  • League: Master

Event: HomeStory Cup XVI

VOD

Have the link to the VOD?

Description

Time

  • Played on: Nov. 12, 2017, 12:13 p.m.
  • Length: 19:57
Show
View Real Time Build Order
Export as new Build Order

Wardí Terran - Winner!

Build Orders: Reaper Expand 

Get SALT Encoding   

  12  0:01  SCV  
  13  0:13  SCV  
  14  0:17  Supply Depot  
  14  0:25  SCV  
  14  0:27  Refinery  
  15  0:38  SCV  
  16  0:45  Barracks  
  16  0:51  SCV  
  17  1:03  SCV  
  18  1:15  SCV  
  19  1:32  Reaper, Orbital Command  
  20  1:46  Command Center  
  20  1:57  Factory  
  20  2:02  SCV  
  21  2:09  Supply Depot  
  21  2:12  Barracks Reactor  
  21  2:15  SCV  
  22  2:22  Refinery  
  21  2:27  SCV  
  22  2:39  SCV  
  22  2:43  Starport  
  23  2:48  Marine  
  23  2:49  Widow Mine, Marine  
  27  2:51  SCV  
  28  3:01  Orbital Command  
  28  3:06  SCV  
  28  3:09  Marine x2  
  31  3:18  SCV  
  31  3:19  Medivac  
  34  3:21  Factory Tech Lab  
  34  3:27  SCV, Marine x2  
  34  3:31  Supply Depot  
  37  3:44  Cyclone  
  37  3:47  Marine  
  37  3:48  Marine  
  41  3:57  SCV x2  
  41  4:00  Viking  
  41  4:01  Engineering Bay  
  45  4:05  Marine x2  
  45  4:09  SCV x2  
  49  4:10  Supply Depot  
  49  4:22  SCV x2  
  49  4:23  Marine x2  
  53  4:25  Supply Depot  
  53  4:31  Cyclone  
  53  4:37  Medivac  
  57  4:53  Supply Depot  
  57  4:54  SCV  
  57  4:56  Command Center  
  57  4:57  Supply Depot  
  57  4:58  Marine  
  57  4:59  Marine  
  59  5:13  SCV x2  
  55  5:14  Siege Tank  
  55  5:17  Marine  
  55  5:18  Marine  
  55  5:19  Starport Reactor  
  55  5:31  SCV x2, Terran Infantry Weapons Level 1  
  55  5:35  Supply Depot  
  57  5:39  Marine x2  
  59  5:43  SCV  
  59  5:44  SCV  
  59  5:48  Barracks  
  61  5:51  Barracks  
  61  5:55  SCV  
  61  5:56  SCV  
  63  6:00  Marine x2  
  63  6:02  Siege Tank  
  68  6:07  SCV  
  68  6:08  SCV  
  67  6:12  Orbital Command  
  67  6:19  SCV, Starport Reactor  
  67  6:20  SCV, Marine x2  
  71  6:28  Barracks  
  71  6:31  Barracks  
  71  6:34  Siege Tank  
  71  6:35  Refinery  
  71  6:38  SCV x3  
  78  6:42  Barracks Tech Lab  
  78  6:45  Marine x2  
  79  6:49  Marine x2  
  79  6:50  SCV x2  
  79  6:53  SCV  
  84  6:57  Refinery  
  84  7:02  SCV  
  84  7:03  Supply Depot  
  84  7:04  Marine x2  
  84  7:05  Supply Depot, SCV  
  84  7:06  Orbital Command  
  88  7:08  Marine  
  88  7:09  Siege Tank, Marine  
  93  7:18  SCV x2  
  95  7:23  Barracks Tech Lab  
  95  7:24  Barracks Reactor  
  95  7:25  Stimpack, Marine x2  
  95  7:32  Sensor Tower, Marine x3  
  95  7:36  SCV x2  
  97  7:37  SCV, Terran Infantry Armor Level 1  
  97  7:43  Marine  
  99  7:47  Marine x2  
  99  7:48  Siege Tank  
  99  7:49  Marine  
  99  7:50  Sensor Tower  
  105  7:52  Supply Depot  
  105  7:55  Missile Turret  
  105  7:56  Supply Depot, Marine x2  
  105  7:58  SCV x2  
  109  7:59  SCV  
  109  8:01  Marine  
  109  8:02  Marine x2  
  109  8:03  Combat Shields  
  109  8:04  Marine  
  109  8:05  Marine  
  115  8:10  SCV  
  115  8:13  Marine  
  115  8:14  SCV x2, Marine  
  115  8:19  Supply Depot x2  
  119  8:23  Armory  
  119  8:24  Engineering Bay, Marine x4  
  119  8:26  SCV x2  
  125  8:33  Refinery  
  125  8:38  Factory  
  124  8:50  SCV x3  
  124  8:51  Marine x4  
  124  8:52  Marine x3  
  134  8:57  Siege Tank  
  134  9:02  SCV  
  138  9:07  SCV  
  138  9:08  Supply Depot x2, SCV  
  140  9:12  Barracks  
  140  9:13  Barracks  
  140  9:15  Missile Turret  
  140  9:17  Missile Turret, Marine x5  
  140  9:19  SCV  
  140  9:20  SCV  
  140  9:21  Command Center  
  147  9:37  Marine x8  
  147  9:38  Medivac x2, Factory Tech Lab, Siege Tank  
  160  9:50  SCV  
  161  9:54  Supply Depot, Marine  
  161  9:55  Command Center, Supply Depot, Marine x3  
  161  9:57  Supply Depot  
  165  10:05  Barracks Reactor  
  165  10:06  Barracks Reactor  
  165  10:07  Terran Infantry Weapons Level 2  
  165  10:08  Command Center  
  165  10:09  Terran Infantry Armor Level 2  
  165  10:10  Terran Vehicle Weapons Level 1  
  165  10:14  Marine x2  
  165  10:19  Siege Tank, Marine x4  
  165  10:20  Medivac x2, Siege Tank  
  177  10:28  Marine x2  
  177  10:32  Marine x2  
  181  10:36  Marine  
  181  10:37  Marine x3  
  181  10:38  Supply Depot  
  185  10:46  Marine x2  
  185  10:48  Refinery, Starport  
  187  10:50  Medivac  
  189  11:00  Medivac, Marine  
  189  11:02  Marine x5  
  197  11:07  Marine x3  
  200  11:21  Planetary Fortress  
  200  11:25  Sensor Tower  
  200  12:02  Marine x3  
  196  12:11  Marine  
  196  12:12  Marine x3  
  200  12:16  Starport Reactor  
  200  12:19  Barracks  
  200  12:20  Barracks  
  200  12:21  Barracks  
  190  12:50  Marine x10  
  200  12:53  Planetary Fortress  
  194  12:59  Marine x2  
  194  13:00  Terran Vehicle Weapons Level 2, Terran Infantry Weapons Level 3, Terran Infantry Armor Level 3  
  192  13:08  Siege Tank, Marine  
  192  13:10  Barracks Reactor x2  
  192  13:11  Barracks Reactor  
  196  13:15  Viking x2  
  200  13:20  Fusion Core  
  200  13:22  Ghost Academy  
  180  13:37  Marine x10  
  192  13:53  Nuke  
  192  13:54  Ghost x2, Marine  
  192  13:55  Marine x5  
  200  13:56  Ghost Academy  
  200  13:57  Ghost Academy  
  199  14:19  Sensor Tower  
  185  14:26  Nuke  
  185  14:27  Nuke  
  176  14:38  Marine x2  
  152  15:08  Liberator x4  
  152  15:17  Ghost x2  
  153  15:22  Marine x2  
  153  15:23  Marine x13  
  153  15:24  Siege Tank x2  
  153  15:27  Terran Ship Weapons Level 1  
  182  15:40  Marine x3  
  182  15:41  Marine  
  177  15:48  Building Armor  
  177  15:50  Nuke x3  
  176  16:00  Ghost x2  
  139  16:11  Marine  
  139  16:12  Marine x5  
  142  16:27  Command Center  
  142  16:28  Command Center, Marine  
  142  16:29  Command Center, Marine x4  
  142  16:30  Command Center, Marine x2  
  146  16:38  Command Center  
  146  16:42  Command Center  
  146  16:46  Marine x2  
  148  16:53  Ghost  
  150  17:04  Ghost  
  150  17:05  Neosteel Frame  
  150  17:07  Nuke x3  
  148  17:20  Marine x4  
  148  17:21  Ghost  
  129  17:22  Refinery  
  129  17:23  Refinery  
  129  17:24  Marine x2  
  129  17:25  Command Center  
  129  17:26  Refinery x2, Siege Tank  
  129  17:28  Medivac, Command Center  
  129  17:30  Command Center  
  129  17:33  Marine  
  129  17:35  Marine x7  
  129  17:36  Medivac, Marine x3  
  136  17:38  Marine x3  
  139  17:44  Marine x3  
  139  17:50  Marine  
  139  17:51  Marine  
  143  17:53  Marine x4  
  143  17:56  Marine x2  
  152  17:58  Siege Tank  
  148  18:10  Marine x5  
  148  18:11  Marine  
  154  18:12  Command Center  
  154  18:13  Command Center, Marine  
  154  18:14  Marine  
  154  18:16  Command Center  
  154  18:18  Command Center  
  147  18:31  Marine x17  
  147  18:33  Siege Tank x2  
  151  19:08  Marine x2  
  151  19:09  Marine x4  
  145  19:30  Marine x8  
  145  19:31  Marine x9  
Show
View Real Time Build Order
Export as new Build Order

Bly Terran - Winner!

Build Orders: Gas First Reaper Expand, Reaper Expand, MMM Bio 

Get SALT Encoding   

  12  0:01  SCV  
  13  0:13  SCV  
  14  0:20  Supply Depot  
  14  0:25  SCV  
  15  0:32  Refinery  
  15  0:41  SCV  
  16  0:48  Barracks  
  16  0:53  SCV  
  17  1:05  SCV  
  18  1:18  SCV  
  19  1:35  Orbital Command  
  19  1:36  Reaper  
  20  1:44  Command Center  
  20  1:56  Factory  
  20  2:01  SCV  
  21  2:08  Supply Depot  
  21  2:11  Barracks Reactor  
  21  2:20  SCV  
  21  2:29  Refinery  
  21  2:32  SCV  
  22  2:44  SCV  
  22  2:47  Starport  
  23  2:56  SCV  
  24  2:59  Orbital Command  
  24  3:06  Marine  
  24  3:08  SCV  
  24  3:10  Cyclone  
  29  3:19  Hellion  
  31  3:21  SCV  
  31  3:23  Marine  
  31  3:25  SCV  
  34  3:28  Medivac  
  34  3:33  SCV  
  37  3:35  Engineering Bay  
  37  3:43  SCV  
  38  3:50  SCV  
  38  3:55  SCV  
  39  3:56  Supply Depot  
  39  3:58  Marine  
  41  4:02  SCV  
  41  4:07  SCV  
  42  4:11  Viking  
  42  4:15  SCV  
  42  4:16  Barracks  
  45  4:18  Cyclone  
  45  4:19  SCV  
  45  4:21  Supply Depot  
  45  4:23  Barracks Reactor  
  49  4:27  SCV  
  49  4:29  Supply Depot  
  49  4:30  Cyclone  
  54  4:31  SCV  
  54  4:42  SCV  
  54  4:43  SCV  
  50  4:54  SCV  
  50  4:55  SCV  
  52  5:06  SCV  
  53  5:09  SCV  
  53  5:11  Marine x2, Barracks Tech Lab  
  56  5:19  SCV  
  58  5:21  SCV  
  58  5:26  Refinery  
  58  5:27  Refinery  
  58  5:31  Supply Depot, Stimpack, SCV, Marine x2  
  58  5:32  Marine  
  58  5:33  SCV  
  63  5:37  Barracks  
  63  5:38  Barracks, Starport Tech Lab  
  63  5:43  SCV  
  63  5:45  SCV  
  63  5:48  Missile Turret  
  63  5:49  Marine  
  66  5:52  Marine x2  
  66  5:55  SCV  
  66  5:57  SCV  
  60  6:07  SCV  
  60  6:09  SCV, Marine  
  60  6:10  Marine  
  63  6:13  Terran Infantry Weapons Level 1  
  63  6:19  SCV  
  63  6:21  SCV  
  63  6:24  Siege Tank  
  68  6:27  Barracks Reactor  
  68  6:30  Marine x4  
  68  6:31  SCV  
  73  6:34  Supply Depot, SCV  
  74  6:43  SCV  
  74  6:45  Supply Depot  
  74  6:46  SCV  
  74  6:48  Marine  
  74  6:49  Marine x2  
  74  6:51  Medivac  
  77  6:55  SCV  
  77  6:58  SCV  
  79  7:05  Marine  
  79  7:06  Marine x3  
  79  7:07  SCV  
  79  7:08  Command Center  
  84  7:09  Barracks Reactor  
  84  7:10  SCV  
  85  7:20  SCV  
  86  7:23  Supply Depot, SCV  
  86  7:27  Marine x2  
  89  7:40  Marine x2  
  89  7:41  Combat Shields, Marine  
  92  7:44  Supply Depot  
  92  7:45  Marine x2, Siege Tank  
  92  7:46  Supply Depot  
  97  7:52  Supply Depot  
  97  7:54  Marine x2  
  97  7:55  Supply Depot  
  99  7:58  Marine  
  99  8:00  Marine x2  
  102  8:06  Medivac x2, Supply Depot, SCV  
  102  8:07  Supply Depot  
  102  8:09  Marine  
  108  8:14  Terran Infantry Armor Level 1  
  108  8:17  Siege Tank  
  111  8:20  Orbital Command  
  111  8:23  Marine x3  
  111  8:24  Marine x3  
  117  8:27  Marine  
  117  8:28  Supply Depot  
  118  8:41  Marine x3  
  121  8:51  Marine x2  
  121  8:52  Marine x2  
  125  8:57  Orbital Command  
  125  8:59  Marine  
  125  9:00  Marine x2  
  128  9:08  Barracks, Marine  
  132  9:10  Barracks  
  132  9:11  Barracks, Engineering Bay, Marine  
  132  9:14  Armory  
  132  9:15  Marine x2  
  132  9:17  Marine  
  135  9:18  Missile Turret  
  136  9:25  Missile Turret  
  136  9:28  Marine x3  
  136  9:29  Marine  
  136  9:30  SCV  
  141  9:34  SCV  
  142  9:40  SCV  
  142  9:43  SCV  
  143  9:46  SCV  
  143  9:47  Marine x2  
  143  9:52  SCV, Marine  
  147  9:55  SCV  
  147  9:57  Refinery  
  147  9:58  SCV  
  148  10:04  SCV  
  148  10:05  Barracks Reactor  
  148  10:06  Barracks Reactor  
  131  10:07  Barracks Reactor, SCV  
  131  10:10  SCV, Marine x3  
  131  10:11  Marine  
  131  10:12  Marine x2  
  131  10:13  Marine  
  139  10:16  SCV  
  139  10:20  Viking x2  
  144  10:21  SCV  
  144  10:27  Terran Infantry Weapons Level 2, Terran Infantry Armor Level 2  
  145  10:30  Terran Vehicle Weapons Level 1  
  145  10:34  Marine x5  
  145  10:35  Marine x2  
  152  10:38  Refinery  
  152  10:43  Marine x2  
  152  10:44  Marine x4  
  158  10:50  Medivac x2  
  162  10:57  Supply Depot  
  162  10:58  Starport  
  161  11:06  Marine  
  161  11:07  Marine x6  
  161  11:09  SCV  
  169  11:15  Command Center, Marine x3  
  169  11:16  Marine  
  173  11:22  Medivac x2, Marine x2  
  173  11:24  Marine  
  170  11:33  Factory  
  170  11:34  Starport Reactor  
  170  11:35  Factory, SCV  
  170  11:38  Marine x2  
  173  11:45  Supply Depot  
  173  11:47  Marine x2  
  173  11:48  Supply Depot, Marine  
  169  11:56  Supply Depot  
  169  11:57  Marine x2  
  169  11:58  Marine x2  
  173  12:04  Marine  
  173  12:07  Marine x6  
  176  12:10  SCV  
  176  12:11  SCV  
  178  12:18  Factory Tech Lab  
  178  12:19  Factory Tech Lab  
  170  12:27  Terran Vehicle Weapons Level 2, Marine  
  160  12:31  Marine x5  
  160  12:32  Orbital Command, Marine  
  160  12:34  Medivac, Missile Turret x2  
  160  12:35  Medivac  
  160  12:37  Marine x4  
  155  12:59  Marine x2  
  155  13:00  Marine x6  
  155  13:04  Terran Infantry Weapons Level 3, Terran Infantry Armor Level 3  
  155  13:05  Missile Turret  
  162  13:06  Missile Turret  
  162  13:16  Missile Turret  
  162  13:21  SCV x2  
  162  13:22  Orbital Command, SCV  
  162  13:24  Marine x5  
  162  13:26  Viking  
  148  13:42  Siege Tank x2  
  148  13:44  Marine  
  148  13:45  Marine  
  154  13:49  Liberator, SCV  
  154  13:50  Liberator  
  153  14:09  Viking, Orbital Command  
  159  14:14  Siege Tank x2  
  165  14:18  Marine x3  
  165  14:19  Marine x6  
  165  14:21  Marine  
  174  14:30  SCV  
  174  14:31  Marine x2  
  164  14:46  Siege Tank  
  164  14:47  Siege Tank  
  110  15:10  Marine x2  
  110  15:11  Orbital Command, Marine x4  
  98  15:18  Siege Tank, Marine x6  
  98  15:19  Siege Tank, Marine  
  83  15:28  Marine x3  
  81  15:48  SCV  
  78  15:50  Siege Tank  
  78  15:51  Siege Tank  
  80  16:00  SCV  
  71  16:08  Marine x3  
  63  16:20  SCV  
  63  16:22  Siege Tank  
  63  16:24  SCV x3, Marine  
  71  16:32  SCV  
  72  16:36  SCV x2, Siege Tank  
  61  17:04  Marine x3  
  61  17:05  Marine x7  
  61  17:06  Marine  
  67  17:10  SCV  
  67  17:15  Marine x2  
  68  17:22  SCV, Marine  
  64  17:29  Marine x4  
  67  17:30  Marine x2  
  67  17:36  Siege Tank  
  77  17:37  Siege Tank, Marine  
  77  17:39  SCV  
  78  17:46  Marine  
  78  17:47  Marine x3  
  82  17:56  SCV x2  
  82  17:57  SCV  
  82  17:58  Marine x2  
  87  18:10  SCV  
  87  18:12  Marine  
  89  18:21  Siege Tank  
  89  18:22  SCV  
  92  18:27  Marine x4  
  93  18:39  Orbital Command  
  83  19:00  Marine x3  
  83  19:01  Marine x2  
  72  19:09  Marine x2  
  74  19:17  Marine  
  53  19:38  Marine x4  
  45  19:43  SCV  
Show
View Real Time Build Order
Export as new Build Order

Narde Terran 

Build Orders:  

Get SALT Encoding   

Show
View Real Time Build Order
Export as new Build Order

PtitDrogo Terran 

Build Orders:  

Get SALT Encoding   

Tags
 
Add a new tag
Caveats
  • Supply blocks, unpowered buildings, or Contaminate may cause inaccurate times.
  • Supply counts are checked every 10 seconds.